 Dungeon Crawl Stone Soup version 0.21.1-1-g345015f (webtiles) character file.

167539 inc the Severer (level 17, -5/129 HPs)
             Began as a Demonspawn Monk on June 15, 2018.
             Was the Champion of Qazlal.
             Slain by a naga warrior
             ... wielding a +0 halberd of distortion
              (6 damage)
             ... on level 3 of the Snake Pit.
             The game lasted 01:20:05 (28158 turns).

inc the Severer (Demonspawn Monk)                  Turns: 28158, Time: 01:20:06

Health: -5/129     AC: 23    Str: 15    XL:     17   Next: 31%
Magic:  0/29       EV: 11    Int: 14    God:    Qazlal [******]
Gold:   1875       SH: 20    Dex: 17    Spells: 16/16 levels left

rFire    + . .     SeeInvis .   N - +9 broad axe (elec)
rCold    . . .     Gourm    .   Y - +0 shield
rNeg     . . .     Faith    +   O - +0 swamp dragon scales
rPois    +         Spirit   +   Q - +1 helmet
rElec    .         Reflect  .   n - +1 cloak
rCorr    .         Harm     .   S - +2 pair of gloves of Spite {Regen+}
MR       +....                  (no boots)
Stlth    +.........             F - amulet of faith
HPRegen  0.71/turn              X - +3 ring of slaying
MPRegen  0.42/turn              h - ring of protection from fire

@: lethally poisoned (-5 -> -5), repel missiles
A: talons 2, molten scales 2, foul stench 1, magic shield, magic regeneration,
rot immunity
a: Upheaval, Elemental Force, Disaster Area, Renounce Religion


You were on level 3 of the Snake Pit.
You worshipped Qazlal.
Qazlal was exalted by your worship.
You were not hungry.

You visited 7 branches of the dungeon, and saw 32 of its levels.
You visited the Abyss 1 time.
You also visited: Ice Cave.

You collected 2697 gold pieces.
You spent 822 gold pieces at shops.

Inventory:

Hand Weapons
 N - a +9 broad axe of electrocution (weapon)
Armour
 n - a +1 cloak (worn)
 r - the +6 plate armour "Siuhuy" {rN++ Dex-4}
   (You found it on level 4 of the Dungeon)

   It affects your dexterity (-4).
   It greatly protects you from negative energy.
 O - +0 swamp dragon scales (worn)
 Q - a +1 helmet (worn)
 S - the +2 pair of gloves of Spite (worn) {Regen+}
   (You found it on level 3 of the Lair of Beasts)

   It increases your rate of regeneration.
 Y - a +0 shield (worn)
Jewellery
 g - a +4 ring of intelligence
 h - a ring of protection from fire (right hand)
 k - an uncursed ring of positive energy
 m - an uncursed amulet of the gourmand
 w - an uncursed ring of protection from fire
 z - an uncursed ring of flight
 A - an uncursed ring of protection from cold
 F - an amulet of faith (around neck)
 H - a +2 ring of intelligence
 V - a cursed amulet of inaccuracy {unknown}
 X - a +3 ring of slaying (left hand)
Wands
 L - a wand of disintegration (34)
 R - a wand of digging (41)
Scrolls
 d - 15 scrolls of remove curse
 f - 15 scrolls of teleportation
 j - 4 scrolls of enchant weapon
 l - a scroll of brand weapon
 s - 13 scrolls of identify
 t - 2 scrolls of blinking
 v - 5 scrolls of amnesia
 x - 3 scrolls of immolation
 y - 4 scrolls of magic mapping
 B - a scroll of summoning
 C - 8 scrolls of enchant armour
 D - 2 scrolls of silence
 J - 2 scrolls of random uselessness
 P - 6 scrolls of fog
Potions
 a - 2 potions of haste
 b - a potion of cancellation
 i - 4 potions of berserk rage
 p - 6 potions of curing
 u - 9 potions of brilliance
 G - 2 potions of agility
 M - a potion of ambrosia
 T - 4 potions of might
Books
 e - a book of Spatial Translocations

   Spells                             Type                      Level
   a - Blink                          Translocation                2
   b - Shroud of Golubria             Charms/Translocation         2
   c - Lesser Beckoning               Translocation                3
   d - Gell's Gravitas                Translocation                3
   e - Teleport Other                 Translocation                3
   f - Passage of Golubria            Translocation                4
 o - a book of Clouds

   Spells                             Type                      Level
   a - Poisonous Vapours              Poison/Air                   2
   b - Mephitic Cloud                 Conjuration/Poison/Air       3
   c - Conjure Flame                  Conjuration/Fire             3
   d - Freezing Cloud                 Conjuration/Ice/Air          6
   e - Ring of Flames                 Charms/Fire                  7
 q - a book of Frost

   Spells                             Type                      Level
   a - Freeze                         Ice                          1
   b - Throw Frost                    Conjuration/Ice              2
   c - Ozocubu's Armour               Charms/Ice                   3
   d - Throw Icicle                   Conjuration/Ice              4
   e - Summon Ice Beast               Ice/Summoning                4
 E - a book of Clouds

   Spells                             Type                      Level
   a - Poisonous Vapours              Poison/Air                   2
   b - Mephitic Cloud                 Conjuration/Poison/Air       3
   c - Conjure Flame                  Conjuration/Fire             3
   d - Freezing Cloud                 Conjuration/Ice/Air          6
   e - Ring of Flames                 Charms/Fire                  7
 I - a book of Misfortune

   Spells                             Type                      Level
   a - Confusing Touch                Hexes                        1
   b - Confuse                        Hexes                        3
   c - Gell's Gravitas                Translocation                3
   d - Petrify                        Transmutation/Earth          4
   e - Metabolic Englaciation         Hexes/Ice                    5
   f - Yara's Violent Unravelling     Hexes/Transmutation          5
 K - the Catalogue of Shifting Heat
   (You found it on level 2 of the Swamp)

   Spells                             Type                      Level
   a - Flame Tongue                   Conjuration/Fire             1
   b - Sticks to Snakes               Transmutation                2
   c - Irradiate                      Conjuration/Transmutation    5
   d - Fireball                       Conjuration/Fire             5
   e - Ring of Flames                 Charms/Fire                  7
 U - a Fen Folio

   Spells                             Type                      Level
   a - Corpse Rot                     Necromancy                   2
   b - Stone Arrow                    Conjuration/Earth            3
   c - Leda's Liquefaction            Hexes/Earth                  4
   d - Summon Forest                  Summoning/Translocation      5
   e - Hydra Form                     Transmutation                6
   f - Summon Hydra                   Summoning                    7
 W - a book of Enchantments

   Spells                             Type                      Level
   a - Cause Fear                     Hexes                        4
   b - Yara's Violent Unravelling     Hexes/Transmutation          5
   c - Silence                        Hexes/Air                    5
   d - Deflect Missiles               Charms/Air                   6
   e - Discord                        Hexes                        8
 Z - a Necronomicon

   Spells                             Type                      Level
   a - Haunt                          Necromancy/Summoning         7
   b - Borgnjor's Revivification      Necromancy                   8
   c - Death's Door                   Charms/Necromancy            8
   d - Infestation                    Necromancy                   8
   e - Necromutation                  Transmutation/Necromancy     8
Comestibles
 c - 34 rations


   Skills:
 - Level 10.5 Fighting
 - Level 18.0 Axes
 - Level 13.2 Armour
 - Level 2.6 Dodging
 - Level 1.7 Stealth
 + Level 10.7 Shields
 - Level 16.2 Invocations


You had 16 spell levels left.
You didn't know any spells.

Dungeon Overview and Level Annotations

Branches:
Dungeon (15/15)            Temple (1/1) D:5            Lair (6/6) D:10
  Swamp (4/4) Lair:4        Snake (3/4) Lair:4        Slime (0/5) Lair:5
    Orc (2/2) D:11            Elf (0/3) Orc:2        Vaults (0/5) D:14
 Depths (1/5) D:15

Altars:
Ashenzari
Cheibriados
Dithmenos
Elyvilon
Fedhas
Gozag
Hepliaklqana
Kikubaaqudgha
Makhleb
Nemelex Xobeh
Okawaru
Qazlal
Ru
Sif Muna
Trog
Uskayaw
Vehumet
Wu Jian
Xom
Yredelemnul
Zin
The Shining One
Beogh
Jiyva

Shops:
D:9 :[!   D:12 (   Orc:2 %((((   Snake:1 *[*   Snake:2 =}=

Annotations:
D:5 2 transporters
Swamp:4 Lernaean hydra
Orc:1 1 runed door, exclusion: 4 orange crystal statues


Innate Abilities, Weirdness & Mutations

You have razor-sharp toenails.
You are mostly covered in molten scales. (AC +3)
You may emit foul miasma when damaged in melee.
When hurt, damage is shared between your health and your magic reserves.
You regenerate magic rapidly.
You are immune to rotting.


Message History

* * * LOW HITPOINT WARNING * * *
The shock serpent bites you!
* * * LOW HITPOINT WARNING * * *
The shock serpent shocks you!
* * * LOW HITPOINT WARNING * * *
You emit a cloud of foul miasma!
A naga comes into view. It is wielding a scimitar.
You slice the shock serpent!! You claw the shock serpent!
The shock serpent is almost dead.
You hit the black mamba.
Lightning courses through the black mamba!
You kill the black mamba!
Qazlal accepts your kill.
The shock serpent's electric aura discharges, shocking you!
* * * LOW HITPOINT WARNING * * *
You feel sick.
The naga warrior hits you from afar with a halberd of distortion!!
* * * LOW HITPOINT WARNING * * *
Space bends around you.
You die...

#....# #...## ##..##
##..## # ## ##..## ##
N# #...# ##. ####N
#..## ##.. #..§## #..#
#... #§§@.# #.## ##...
#.§S.### ##### #....
#..§...###...###....
#..§§#(#......##....
#....##.)......#.....
...<..##.#(..†.......#
......#####...[..#...##
.###### ##(....##...#
#....(###..##


You could see a naga warrior, a shock serpent and a naga.

Vanquished Creatures
  Rupert (Orc:2)
  Frances (Swamp:1)
  3 thorn hunters (Swamp:3)
  Kirke (D:13)
  A nagaraja (Snake:3)
  A stone giant (Depths:1)
  3 very ugly things
  The ghost of troglodite the Spear-Bearer, a journeyman DsBe of Trog (Orc:1)
  An ettin (Orc:2)
  Harold (Lair:1)
  15 hydras
  7 naga warriors
  Erica (D:10)
  4 anacondas (Snake:2)
  A catoblepas (Lair:6)
  2 ghost crabs (Swamp:3)
  15 two-headed ogres
  2 ogre magi (Orc:2)
  A centaur warrior (D:13)
  A satyr (shapeshifter) (D:15)
  3 death yaks (Lair:6)
  4 alligators
  A deep troll shaman (Lair:6)
  6 shock serpents
  11 naga sharpshooters
  Urug (Lair:2)
  An orc high priest (Orc:1)
  Nergalle (Orc:1)
  A salamander mystic (Snake:2)
  An iron troll (Depths:1)
  A spriggan druid (Swamp:4)
  2 deep trolls (Orc:2)
  An unseen horror (D:11)
  10 swamp dragons
  A lindwurm (Lair:6)
  6 shambling mangroves
  2 naga ritualists (Snake:2)
  2 necromancers
  6 mana vipers
  2 orc sorcerers
  5 manticores
  5 ugly things (D:14)
  An oklob plant (Swamp:3)
  4 cyclopes
  3 salamanders (Snake:2)
  2 deep elf magi (D:15)
  5 ice statues (IceCv)
  Joseph (D:9)
  7 naga magi
  A guardian serpent (Snake:1)
  3 centaur zombies
  22 black mambas
  6 elephants
  13 spiny frogs
  The ghost of Iko the Charlatan, a novice BaAr (D:7)
  A kobold demonologist (D:12)
  The ghost of inc the Shield-Bearer, a novice OpFi of Xom (D:5)
  An anaconda simulacrum (IceCv)
  An efreet (D:15)
  5 rime drakes
  12 komodo dragons
  A golden dragon simulacrum (IceCv)
  A queen bee (shapeshifter) (D:14)
  3 meliai (D:14)
  14 hornets
  14 trolls
  6 tyrant leeches
  8 blink frogs
  11 dream sheep
  A meliai zombie (D:14)
  27 slime creatures
  Grinder (D:3)
  14 hippogriffs
  2 spriggans
  4 centaur simulacra
  22 yaks
  6 hogs (D:13)
  A dire elephant simulacrum (IceCv)
  Sigmund (D:4)
  3 shadows
  2 wraiths (D:15)
  5 basilisks
  6 wyverns
  9 hungry ghosts
  A steam dragon (D:11)
  18 vampire mosquitoes
  The ghost of inc the Shield-Bearer, an amateur OpFi (D:4)
  2 iron troll simulacra (IceCv)
  6 insubstantial wisps (Swamp:2)
  2 wargs (Orc:2)
  17 nagas
  17 water moccasins
  21 swamp worms
  3 hydra simulacra (IceCv)
  4 porcupines
  9 swamp drakes
  Duvessa (D:4)
  An eye of draining (D:15)
  8 ice beasts
  13 orc warriors
  3 sky beasts
  A black bear (Lair:6)
  4 phantoms
  A necrophage (D:8)
  26 ogres
  An ettin simulacrum (IceCv)
  A boggart (shapeshifter) (D:14)
  9 centaurs
  13 wolves
  12 crocodiles
  4 big kobolds
  16 bullfrogs
  Dowan (D:4)
  A wyvern zombie (D:14)
  3 killer bees (D:13)
  3 scorpions
  An oklob sapling (Swamp:3)
  6 wights
  2 electric eels
  7 crimson imps
  8 howler monkeys
  3 hounds
  3 quasits
  5 bullfrog zombies
  A jelly (D:8)
  7 centaur skeletons
  12 orc priests
  17 orc wizards
  3 bullfrog skeletons
  An iguana (D:6)
  5 worker ants
  2 worker ant zombies
  7 gnolls
  14 adders
  3 shadow imps
  2 adder zombies
  An adder skeleton (D:8)
  4 worms
  3 dart slugs
  5 leopard geckos
  57 orcs
  2 ball pythons
  3 giant cockroaches
  11 goblins
  11 hobgoblins
  14 jackals
  22 kobolds
  12 quokkas
  8 bats
  7 frilled lizards
  A quokka zombie (D:8)
  12 rats
  2 briar patches (Swamp:3)
  2 fungi
  5 plants
902 creatures vanquished.

Vanquished Creatures (collateral kills)
  2 elephants (Lair:6)
2 creatures vanquished.

Vanquished Creatures (others)
  A hydra (Swamp:4)
  An alligator (Swamp:4)
  A black mamba (Snake:1)
  A centaur skeleton (D:11)
  3 briar patches (Swamp:3)
  A bush (Lair:6)
  23 fungi
  11 plants
42 creatures vanquished.

Grand Total: 946 creatures vanquished

Notes
Turn   | Place    | Note
-------+----------+-------------------------------------------
     0 | D:1      | inc the Demonspawn Monk began the quest for the Orb.
     0 | D:1      | Reached XP level 1. HP: 18/18 MP: 1/1
   258 | D:1      | Gained mutation: You have sharp toenails. [demonic ancestry]
   258 | D:1      | Reached XP level 2. HP: 24/24 MP: 2/2
   453 | D:1      | Reached skill level 3 in Axes
   663 | D:2      | Reached XP level 3. HP: 11/29 MP: 3/3
  1080 | D:2      | Reached skill level 4 in Axes
  1115 | D:2      | Gained mutation: You are partially covered in molten scales. (AC +2) [demonic ancestry]
  1115 | D:2      | Reached XP level 4. HP: 29/36 MP: 4/4
  1576 | D:3      | Reached XP level 5. HP: 9/41 MP: 5/5
  1889 | D:3      | Noticed Grinder
  1914 | D:3      | Reached skill level 5 in Axes
  1958 | D:3      | Paralysed by Grinder for 5 turns
  1964 | D:3      | Killed Grinder
  1964 | D:3      | Reached skill level 6 in Axes
  1964 | D:3      | Reached XP level 6. HP: 42/47 MP: 6/6
  2955 | D:4      | Noticed inc's ghost (amateur OpFi)
  2990 | D:4      | Got a spiked plate armour
  3001 | D:4      | Identified the +6 plate armour "Siuhuy" {rN++ Dex-4} (You found it on level 4 of the Dungeon)
  3078 | D:4      | Killed inc's ghost
  3138 | D:4      | Noticed Sigmund
  3145 | D:4      | Cast into level 1 of the Abyss (Sigmund)
  3145 | Abyss:1  | Found a corrupted altar of Lugonu.
  3167 | D:4      | Escaped the Abyss
  3175 | D:5      | Entered Level 5 of the Dungeon
  3182 | D:5      | Reached XP level 7. HP: 9/52 MP: 7/7
  3600 | D:4      | Noticed Dowan
  3601 | D:4      | Noticed Duvessa
  3652 | D:4      | Killed Duvessa
  3673 | D:4      | Killed Dowan
  3924 | D:4      | Killed Sigmund
  3924 | D:4      | Reached skill level 5 in Armour
  4483 | D:5      | Gained mutation: You are immune to rotting. [demonic ancestry]
  4483 | D:5      | Reached XP level 8. HP: 58/59 MP: 8/8
  4509 | D:5      | Found a transporter.
  4554 | D:5      | Found a transporter.
  4564 | D:5      | Noticed inc's ghost (novice OpFi)
  4590 | D:5      | Killed inc's ghost
  4738 | D:5      | Found a blossoming altar of Fedhas.
  4836 | D:5      | Found a staircase to the Ecumenical Temple.
  4886 | Temple   | Entered the Ecumenical Temple
  4967 | Temple   | Became a worshipper of Qazlal Stormbringer
  4967 | Temple   | Reached * piety under Qazlal
  4967 | Temple   | Reached ** piety under Qazlal
  5799 | D:6      | Reached skill level 5 in Invocations
  6457 | D:6      | Reached XP level 9. HP: 64/64 MP: 12/14
  6875 | D:7      | Noticed Iko's ghost (novice BaAr)
  6902 | D:7      | Killed Iko's ghost
  6917 | D:7      | Found a shimmering altar of Xom.
  7260 | D:7      | Paralysed by fainting for 5 turns
  7653 | D:8      | Reached skill level 7 in Axes
  7683 | D:8      | Reached skill level 8 in Axes
  7701 | D:8      | Reached *** piety under Qazlal
  7999 | D:8      | Found a shadowy altar of Dithmenos.
  8004 | D:8      | Found a deep blue altar of Sif Muna.
  8131 | D:8      | Reached XP level 10. HP: 70/70 MP: 16/16
  8345 | D:9      | Reached skill level 9 in Axes
  8753 | D:9      | Found Ivvul's Armour Boutique.
  8800 | D:9      | Got a pair of dazzling gloves
  8811 | D:9      | Identified the cursed -4 pair of gloves "Ruzahoed" {Int+2 Dex-5 Stlth+} (You found it on level 9 of the Dungeon)
  8854 | D:9      | Found Osuata's Book Emporium.
  8874 | D:9      | Noticed a two-headed ogre
  8880 | D:9      | Killed a two-headed ogre
  8880 | D:9      | Reached **** piety under Qazlal
  8880 | D:9      | Reached skill level 10 in Axes
  9011 | D:9      | Noticed Joseph
  9037 | D:9      | Killed Joseph
  9049 | D:9      | Found Eseoz's Distillery.
  9053 | D:9      | Bought a potion of heal wounds for 65 gold pieces
  9053 | D:9      | Bought a potion of heal wounds for 65 gold pieces
  9053 | D:9      | Bought a potion of might for 52 gold pieces
  9310 | D:10     | Entered Level 10 of the Dungeon
  9310 | D:10     | Noticed Erica
  9312 | D:10     | Noticed a two-headed ogre
  9319 | D:10     | Killed Erica
  9319 | D:10     | Reached skill level 11 in Axes
  9324 | D:10     | Killed a two-headed ogre
  9587 | D:10     | Noticed a two-headed ogre
  9605 | D:10     | Killed a two-headed ogre
  9605 | D:10     | Reached skill level 12 in Axes
  9605 | D:10     | Gained mutation: When hurt, damage is shared between your health and your magic reserves. [demonic ancestry]
  9605 | D:10     | Reached XP level 11. HP: 32/75 MP: 17/17
 10276 | D:10     | Found a staircase to the Lair.
 10475 | D:11     | Reached skill level 5 in Fighting
 10541 | D:11     | Reached skill level 10 in Invocations
 10863 | Lair:1   | Entered Level 1 of the Lair of Beasts
 10986 | Lair:1   | Noticed a four-headed hydra
 11008 | Lair:1   | Killed a four-headed hydra
 11666 | Lair:1   | Noticed Harold
 11711 | Lair:1   | Killed Harold
 11711 | Lair:1   | Reached XP level 12. HP: 74/86 MP: 19/22
 12133 | Lair:2   | Noticed Urug
 12143 | Lair:2   | Killed Urug
 13034 | Lair:3   | Got a pair of transparent gloves
 13045 | Lair:3   | Identified the +2 pair of gloves of Spite {Regen+} (You found it on level 3 of the Lair of Beasts)
 13378 | Lair:4   | Found a staircase to the Swamp.
 13419 | Lair:4   | Reached skill level 13 in Axes
 13704 | Lair:4   | Found a staircase to the Snake Pit.
 14101 | Lair:5   | Reached ***** piety under Qazlal
 14118 | Lair:5   | Noticed a four-headed hydra
 14125 | Lair:5   | Killed a five-headed hydra
 14194 | Lair:5   | Reached skill level 14 in Axes
 14372 | Lair:5   | Gained mutation: You have razor-sharp toenails. [demonic ancestry]
 14372 | Lair:5   | Reached XP level 13. HP: 87/93 MP: 19/23
 14663 | Lair:5   | Found a viscous altar of Jiyva.
 14663 | Lair:5   | Found a staircase to the Slime Pits.
 14822 | Lair:6   | Entered Level 6 of the Lair of Beasts
 15112 | Lair:6   | Reached skill level 15 in Axes
 15965 | Lair:6   | Reached skill level 10 in Armour
 16856 | D:11     | Found a staircase to the Orcish Mines.
 16926 | Orc:1    | Entered Level 1 of the Orcish Mines
 16931 | Orc:1    | Noticed Nergalle
 16950 | Orc:1    | Killed Nergalle
 17305 | D:12     | Gained mutation: You are mostly covered in molten scales. (AC +3) [demonic ancestry]
 17305 | D:12     | Reached XP level 14. HP: 98/99 MP: 24/24
 17627 | D:12     | Found Tengeinu's Weapon Emporium.
 18160 | D:13     | Noticed Kirke
 18169 | D:13     | HP: 1/99 [hog[Kirke] (11)]
 18946 | D:13     | Noticed a sphinx
 18950 | D:13     | Noticed a sphinx
 18955 | D:13     | Killed Kirke
 18955 | D:13     | Reached skill level 16 in Axes
 19296 | D:14     | Found a white marble altar of Elyvilon.
 19510 | D:14     | Found a gate to the Vaults.
 20035 | D:15     | Entered Level 15 of the Dungeon
 20169 | D:15     | Reached skill level 17 in Axes
 20182 | D:15     | Found a staircase to the Depths.
 20242 | Depths:1 | Entered Level 1 of the Depths
 20258 | Depths:1 | Noticed a stone giant
 20268 | Depths:1 | Killed a stone giant
 20520 | D:15     | Found a sacrificial altar of Ru.
 21362 | Orc:2    | Entered Level 2 of the Orcish Mines
 21366 | Orc:2    | Noticed Rupert
 21378 | Orc:2    | Killed Rupert
 21378 | Orc:2    | Gained mutation: You may emit foul miasma when damaged in melee. [demonic ancestry]
 21378 | Orc:2    | Reached XP level 15. HP: 105/105 MP: 25/25
 21434 | Orc:2    | Reached skill level 18 in Axes
 21505 | Orc:1    | Found a runed door.
 21505 | Orc:1    | Paralysed by an orc sorcerer for 3 turns
 21513 | Orc:1    | Noticed troglodite's ghost (journeyman DsBe)
 21538 | Orc:1    | Found the +10 large shield of Ignorance {rN+ Int-4}
 21556 | Orc:1    | Killed troglodite's ghost
 21585 | Orc:1    | Found a runed door.
 21957 | Orc:2    | Found Cuttot's Food Boutique.
 21973 | Orc:2    | Found a staircase to the Elven Halls.
 22104 | Orc:2    | Found Xaumeiri's Weapon Emporium.
 22108 | Orc:2    | Found Qystryuma's Weapon Shoppe.
 22110 | Orc:2    | Found Oneutaf's Antique Weapon Boutique.
 22118 | Orc:2    | Found Eczottaw's Antique Weapon Emporium.
 22279 | Orc:1    | Found a roughly hewn altar of Beogh.
 22725 | Swamp:1  | Entered Level 1 of the Swamp
 22827 | Swamp:1  | Found a frozen archway.
 22846 | Swamp:1  | Noticed Frances
 22849 | IceCv    | Entered an ice cave
 23069 | IceCv    | Reached ****** piety under Qazlal
 23070 | IceCv    | Reached skill level 10 in Fighting
 23151 | Swamp:1  | Killed Frances
 23875 | Swamp:2  | Identified the Catalogue of Shifting Heat
 24644 | Swamp:3  | Noticed a thorn hunter
 24650 | Swamp:3  | Noticed a thorn hunter
 24658 | Swamp:3  | Killed a thorn hunter
 24673 | Swamp:3  | Killed a thorn hunter
 24673 | Swamp:3  | Gained mutation: You regenerate magic rapidly. [demonic ancestry]
 24673 | Swamp:3  | Reached XP level 16. HP: 57/123 MP: 11/26
 24777 | Swamp:3  | Noticed a thorn hunter
 24786 | Swamp:3  | Killed a thorn hunter
 24807 | Swamp:3  | Paralysed by a hornet for 2 turns
 24842 | Swamp:3  | Reached skill level 1 in Shields
 25395 | Swamp:4  | Entered Level 4 of the Swamp
 25438 | Swamp:4  | Paralysed by a hornet for 3 turns
 25464 | Swamp:4  | Reached skill level 5 in Shields
 25655 | Swamp:4  | Noticed the 27-headed Lernaean hydra
 25655 | Swamp:4  | Reached skill level 15 in Invocations
 26047 | Snake:1  | Entered Level 1 of the Snake Pit
 26480 | Snake:1  | Found Ucveff's Assorted Antiques.
 26622 | Snake:1  | Found Joweol's General Store.
 26646 | Snake:1  | Found Xuxusef's Antique Armour Boutique.
 27122 | Snake:2  | Reached XP level 17. HP: 73/129 MP: 20/29
 27356 | Snake:2  | Found Seipec's Jewellery Shop.
 27359 | Snake:2  | Found Lisattuu's Gadget Shoppe.
 27360 | Snake:2  | Found Vurec's Jewellery Shop.
 27369 | Snake:2  | Bought an uncursed amulet of faith for 640 gold pieces
 27463 | Snake:2  | Reached skill level 10 in Shields
 28011 | Snake:3  | Found a glowing silver altar of Zin.
 28158 | Snake:3  | HP: 1/129 [naga warrior/halberd of distortion (12)]
 28158 | Snake:3  | Slain by a naga warrior

Skill      XL: |  1  2  3  4  5  6  7  8  9 10 11 12 13 14 15 16 17 |
---------------+----------------------------------------------------+-----
Axes           | 3 4 6 8 12 14 15 17 18 | 18.0
Armour         | 2 5 7 8 11 12 13 | 13.2
Invocations    | 7 8 13 14 16 | 16.2
Fighting       | 5 10 | 10.5
Shields        | 8 10 | 10.7
Dodging        | |  2.6
Stealth        | |  1.7

Action                   |  1- 3 |  4- 6 |  7- 9 | 10-12 | 13-15 | 16-18 || total
-------------------------+-------+-------+-------+-------+-------+-------++-------
Melee: Hand axe          |    78 |   194 |   534 |       |       |       ||   806
       Kick              |    12 |    40 |   135 |   144 |   254 |   143 ||   728
       War axe           |       |       |    27 |   421 |       |       ||   448
       Broad axe         |       |       |       |   155 |  1020 |   456 ||  1631
       Unarmed           |       |       |       |       |     2 |       ||     2
Invok: Upheaval          |       |       |     4 |    11 |    17 |     7 ||    39
       Elemental Force   |       |       |       |       |     1 |       ||     1
       Disaster Area     |       |       |       |       |       |     1 ||     1
Evoke: Wand              |       |       |       |       |    16 |       ||    16
  Use: Scroll            |     3 |     3 |     7 |     6 |    21 |     7 ||    47
       Potion            |       |     2 |     1 |     5 |     1 |    10 ||    19
 Stab: Sleeping          |     1 |     2 |       |       |       |       ||     3
       Petrified         |       |       |       |       |     5 |       ||     5
       Confused          |       |       |       |       |       |     1 ||     1
  Eat: Chunk             |     1 |     5 |     5 |    21 |    15 |     3 ||    50
       Ration            |       |       |     5 |     1 |     7 |     3 ||    16
Armor: Robe              |     2 |       |       |       |       |       ||     2
       Ring mail         |    24 |    67 |       |       |       |       ||    91
       Plate armour      |       |    29 |   509 |   513 |  1040 |   277 ||  2368
       Swamp dragon scal |       |       |       |       |       |    68 ||    68
Dodge: Dodged            |    62 |   106 |   110 |   105 |   315 |   153 ||   851
       Deflected         |       |       |       |    13 |    15 |    29 ||    57
Block: Other             |       |       |    63 |   127 |   341 |   118 ||   649
       Shield            |       |       |       |       |       |   140 ||   140
